 Dungeon Crawl Stone Soup version 0.31.0-32-g396128a36d (webtiles) character file.

Game seed: 17609702438489537116

221 PaiMei the Grave Robber (level 5, -1/38 HPs)
             Began as a Demonspawn Necromancer on Mar 12, 2024.
             Slain by a hornet (15 damage)
             ... on level 5 of the Dungeon on Mar 13, 2024.
             The game lasted 00:06:52 (5053 turns).

PaiMei the Grave Robber (Demonspawn Necromancer)    Turns: 5053, Time: 00:06:53

Health: -1/38      AC:  4    Str:  8    XL:     5   Next: 65%
Magic:  0/9        EV: 12    Int: 18    God:
Gold:   354        SH:  0    Dex: 13    Spells: 6/10 levels left

rFire   . . .        f - +0 spear
rCold   + . .        (no shield)
rNeg    . . .        a - +0 robe
rPois   .            (helmet restricted)
rElec   .            p - +0 cloak
rCorr   .            (no gloves)
SInv    .            w - +0 pair of boots
Will    .....        (no amulet)
Stlth   ++           e - +4 ring of slaying
HPRegen 0.26/turn    l - ring of protection from cold
MPRegen 0.11/turn

%: no passive effects
@: lethally poisoned (-1 -> -14), slowed, very slow
A: horns 1, foul stench 1
a: no special abilities


You were on level 5 of the Dungeon.
You visited 1 branch of the dungeon, and saw 5 of its levels.

You collected 354 gold pieces.

Inventory:

Hand Weapons
 f - a +0 spear (weapon)
Armour
 a - a +0 robe (worn)
 p - a +0 cloak (worn)
 w - a +0 pair of boots (worn)
 y - a +2 ring mail of willpower
Jewellery
 e - a +4 ring of slaying (left hand)
 l - a ring of protection from cold (right hand)
 s - a +6 ring of intelligence
 t - a ring of ice
Wands
 r - a wand of mindburst (10)
 x - a wand of flame (17)
Scrolls
 c - a scroll of noise {unknown}
 h - 2 scrolls of teleportation {unknown}
 i - a scroll of silence {unknown}
 j - 6 scrolls of identify {unknown}
 k - a scroll of revelation {unknown}
 o - a scroll of summoning {unknown}
 u - a scroll of torment {unknown}
 B - a scroll of amnesia {unknown}
Potions
 b - a potion of magic
 d - a potion of invisibility {unknown}
 g - 3 potions of curing {unknown}
 m - 2 potions of berserk rage {unknown}
 n - a potion of cancellation {unknown}
 q - 2 potions of lignification {unknown}
 v - a potion of might {unknown}
 z - a potion of heal wounds {unknown}
 A - 2 potions of attraction {unknown}
 C - 2 potions of mutation {unknown}


   Skills:
 + Level 2.1 Fighting
 + Level 3.0 Dodging
 - Level 2.2 Stealth
 + Level 3.2 Spellcasting
 + Level 5.3 Necromancy


You had 6 spell levels left.
You knew the following spells:

 Your Spells              Type           Power      Damage    Failure   Level
a - Necrotise             Necr           88%        1d8       1%          1
b - Vampiric Draining     Necr           22%        2d7       5%          3

Your spell library contained the following spells:

 Spells                   Type           Power      Damage    Failure   Level
 Animate Dead             Necr           22%        N/A       17%         4
 Curse of Agony           Necr           22%        N/A       43%         5
 Cause Fear               Hex            1%         N/A       85%         4
 Fireball                 Conj/Fire      1%         3d3       99%         5
 Dragon's Call            Summ           1%         N/A       100%        9


Dungeon Overview and Level Annotations

Branches:
Dungeon (5/15)
 Temple: D:4-7

Altars:
Fedhas
Gozag
Hepliaklqana
Yredelemnul

Shops:
D:4 (

Annotations:
D:3 2 transporters, 1 runed translucent door, exclusion: oklob plant, Braxus's ghost, weakling DsSu; Crazy Yiuf; Grinder


Innate Abilities, Weirdness & Mutations

You have a pair of small horns on your head.
You may rarely emit foul miasma when damaged in melee.


Message History

Confirm with . or Enter, or press ? or * to list all spells.
Aiming: Vampiric Draining (dangerous; 5% risk of failure)
Press: ? - help, Shift-Dir - straight line, f/p - hornet
Aim: a hornet (moderately wounded)
You draw life force from the hornet!
The hornet closely misses you. The hornet misses you.
Casting: Vampiric Draining (dangerous; 5% risk of failure)
Confirm with . or Enter, or press ? or * to list all spells.
Aiming: Vampiric Draining (dangerous; 5% risk of failure)
Press: ? - help, Shift-Dir - straight line, f/p - hornet
Aim: a hornet (heavily wounded)
You draw life force from the hornet!
The hornet stings you!
You feel yourself slow down.
Casting: Vampiric Draining (dangerous; 5% risk of failure)
Confirm with . or Enter, or press ? or * to list all spells.
You don't have enough magic to cast this spell.
Casting: Vampiric Draining (dangerous; 5% risk of failure)
Confirm with . or Enter, or press ? or * to list all spells.
You don't have enough magic to cast this spell.
Casting: Vampiric Draining (dangerous; 5% risk of failure)
Confirm with . or Enter, or press ? or * to list all spells.
You don't have enough magic to cast this spell.
You closely miss the hornet. Your headbutt misses the hornet.
The hornet is almost dead.
You feel yourself speed up. The hornet stings you.
You are poisoned.
You feel yourself slow down. The hornet stings you.
You are more poisoned.
You feel as though you will be slow longer.
The hornet barely misses you.
Casting: Vampiric Draining (dangerous; 5% risk of failure)
Confirm with . or Enter, or press ? or * to list all spells.
Aiming: Necrotise (safe; 1% risk of failure)
Press: ? - help, Shift-Dir - straight line, f/p - hornet
Aim: a hornet (almost dead, chance to affect: 74%)
The hornet writhes in agony.
You feel extremely sick. The hornet stings you!
You die...

# ... #.#<...# #.<.......#
... #.#....# #####......
..... # #....# #...... .###
#....# #.##... ..# .....#
#.####. #.# ##..###
####.####. ###.####...##
#......... #...........###
#.####.### #
#.#.##...@....###.####.#
#.##.#.##..#y#.........##.#
#......##..#.##..###.#.##.#
####.####..#..# .# #.#..#.#
#..# #..##.# # #......#
#.## #..##.# ####.### #.#
#...... #.# ####.###
###....! #.# #......#
#...$.# ####.####


You could see a hornet.

Vanquished Creatures
  A hound (D:4)
  Jessica (D:2)
  An orc wizard (D:3)
  3 adders
  2 ribbon worms (D:2)
  5 dart slugs
  9 orcs
  8 bats
  11 endoplasms
  3 giant cockroaches
  8 goblins
  4 hobgoblins
  2 jackals (D:2)
  7 quokkas
  4 ball pythons
  6 frilled lizards
  5 kobolds
  3 rats
83 creatures vanquished.

Vanquished Creatures (collateral kills)
  A goblin (D:2)
  A rat (D:1)
2 creatures vanquished.

Grand Total: 85 creatures vanquished

Notes
Turn   | Place    | Note
-------+----------+-------------------------------------------
     0 | D:1      | PaiMei the Demonspawn Necromancer began the quest for the
                  | Orb.
     0 | D:1      | Reached XP level 1. HP: 13/13 MP: 3/3
   166 | D:1      | Gained mutation: You may rarely emit foul miasma when
                  | damaged in melee. [demonic ancestry]
   166 | D:1      | Reached XP level 2. HP: 6/19 MP: 0/5
   724 | D:1      | Reached XP level 3. HP: 24/24 MP: 4/6
   745 | D:1      | Learned a level 3 spell: Vampiric Draining
  1754 | D:2      | Reached XP level 4. HP: 31/31 MP: 3/7
  1915 | D:2      | Reached skill level 1 in Fighting
  2202 | D:2      | Noticed Jessica
  2206 | D:2      | Killed Jessica
  2207 | D:2      | Reached skill level 5 in Necromancy
  2656 | D:3      | Found a faded altar of an unknown god.
  2800 | D:3      | Discovered your monstrous ancestry.
  2800 | D:3      | Gained mutation: You have a pair of small horns on your
                  | head. [demonic ancestry]
  2800 | D:3      | Reached XP level 5. HP: 25/37 MP: 4/9
  3215 | D:3      | Found a blossoming altar of Fedhas.
  3229 | D:3      | Noticed an oklob plant
  3285 | D:3      | Found a transporter.
  3287 | D:3      | Found a transporter.
  3287 | D:3      | Noticed Braxus's ghost (weakling DsSu)
  3287 | D:3      | Noticed an ogre
  3288 | D:3      | Noticed an ogre
  3452 | D:3      | Noticed Grinder
  3565 | D:3      | Found a runed translucent door.
  3566 | D:3      | Noticed Crazy Yiuf
  3686 | D:3      | Found a basalt altar of Yredelemnul.
  3686 | D:3      | Found a hazy altar of Hepliaklqana.
  4464 | D:4      | Found Geed's Weapon Boutique.
  4732 | D:5      | Entered Level 5 of the Dungeon
  4808 | D:5      | Identified the +10 quarterstaff of Tyr Hius {spect, rF+
                  | MP+9 Dex-2}
  4866 | D:5      | Found an opulent altar of Gozag.
  5043 | D:5      | Noticed a hornet
  5053 | D:5      | Slain by a hornet

Illustrated notes

Levels and vault maps discovered:
D:1:      dpeg_arrival_solitude, layout_basic, minmay_misc_feat_alley
D:2:      layout_loops_corners, chequers_serial_rivers_large_a, uniq_jessica
D:3:      minmay_diamond_boxcup, layout_loops_cross,
          gammafunk_temple_overflow_elements, tgw_fedhas,
          basic_ecumenical_altar, gammafunk_ghost_smash, uniq_grinder,
          uniq_crazy_yiuf_cottage
D:4:      layout_gridville, serial_shops, nicolae_lakefront_shop
D:5:      layout_loops_cross, nicolae_gozag_seed_capital, dk_noncrumbling_2

Skill      XL: |  1  2  3  4  5 |
---------------+----------------+-----
Dodging        | 2 3 |  3.0
Stealth        | 2 |  2.2
Fighting       | 1 2 |  2.1
Necromancy     | 5 |  5.3
Spellcasting   | 3 |  3.2

Action                     |  1- 3 |  4- 6 || total
---------------------------+-------+-------++-------
  Melee: Unarmed           |    18 |       ||    18
         Spear             |    44 |    13 ||    57
         Punch             |     1 |       ||     1
   Cast: Necrotise         |    80 |    77 ||   157
         Vampiric Draining |       |     2 ||     2
 Armour: Robe              |    50 |    31 ||    81
  Dodge: Dodged            |    59 |    25 ||    84
